cohdb
Replays
Latest Replays
All Replays
Popular Replays
Top Player Replays
Match Explorer
How It Works
Community
CoH3 Stats
Reddit
Sign in to upload your games and track your stats! →
Sign in with Steam
Match 45181283
Unlisted
Match 45181283
Overview
Messages
Build Orders
End
Kradschützen Motorcycle Team
Panzergrenadier Squad
Panzergrenadier Squad
250 Light Carrier
Construct Light Support Kompanie
Combat Half-tracks
Panzergrenadier Squad
Selects Italian Infantry
Selects Guastatori Squad
Guastatori Squad
Construct Mechanized Kompanie
Selects L6/40 Light Tank Combat Group
8 Rad Armored Car
Marder III Tank Destroyer
Nick
Max1boy
0
0
Comments
sign in to comment!
No comments posted yet!